 Dungeon Crawl Stone Soup version 0.22.0 (webtiles) character file.

32 Blackhawk the Skirmisher (level 3, -4/29 HPs)
             Began as a Formicid Abyssal Knight on Oct 25, 2018.
             Was a Follower of Lugonu.
             Slain by a gnoll
             ... wielding a +0 whip
              (5 damage)
             ... on level 1 of the Dungeon.
             The game lasted 00:01:44 (1264 turns).

Blackhawk the Skirmisher (Formicid Abyssal Knight)  Turns: 1264, Time: 00:01:44

Health: -4/29      AC:  3    Str: 17    XL:     3   Next: 42%
Magic:  5/5        EV: 11    Int: 11    God:    Lugonu [*.....]
Gold:   51         SH:  0    Dex: 10    Spells: 2/2 levels left

rFire    . . .     SeeInvis +   a - +1 mace
rCold    . . .     Gourm    .   (no shield)
rNeg     . . .     Faith    .   b - +0 leather armour
rPois    .         Spirit   .   (helmet unavailable)
rElec    .         Reflect  .   (no cloak)
rCorr    .         Harm     .   (no gloves)
MR       .....                  (no boots)
Stlth    +.........             (no amulet)
HPRegen  0.09/turn              (no ring)
MPRegen  0.09/turn              (no ring)

@: no status effects
A: permanent stasis, dig shafts and tunnels, four strong arms, antennae 3
a: Dig, Shaft Self, Depart the Abyss, Renounce Religion


You were on level 1 of the Dungeon.
You worshipped Lugonu.
Lugonu was aware of your devotion.
You were not hungry.

You visited 1 branch of the dungeon, and saw 1 of its levels.
You visited the Abyss 1 time.

You collected 51 gold pieces.

Inventory:

Hand Weapons
 a - a +1 mace (weapon)
Missiles
 d - 59 stones (quivered)
Armour
 b - a +0 leather armour (worn)
Jewellery
 g - a cursed ring of teleportation {unknown}
Scrolls
 e - 2 scrolls of identify {unknown}
Comestibles
 c - 2 rations


   Skills:
 + Level 3.5 Fighting
 + Level 2.3 Maces & Flails
 + Level 2.6 Armour
 + Level 1.4 Dodging
 + Level 2.7 Invocations


You had 2 spell levels left.
You didn't know any spells.
Your spell library was empty.

Dungeon Overview and Level Annotations

Branches:
Dungeon (1/15)

Altars:


Innate Abilities, Weirdness & Mutations

You cannot be hasted, slowed, berserked, paralysed or teleported.
You can dig through walls and to a lower floor.
Your four strong arms can wield two-handed weapons with a shield.
You have a pair of large antennae on your head. (SInv)


Message History

The gnoll hits you with a whip.
You hit the gnoll.
The gnoll is heavily wounded.
The gnoll completely misses you.
You hit the gnoll but do no damage.
The gnoll is heavily wounded.
The gnoll hits you with a whip!
* * * LOW HITPOINT WARNING * * *
The gnoll closely misses you.
You hit the gnoll but do no damage.
The gnoll is heavily wounded.
The gnoll misses you.
You completely miss the gnoll.
The gnoll is heavily wounded.
The gnoll hits you with a whip.
* * * LOW HITPOINT WARNING * * *
You hit the gnoll.
The gnoll is heavily wounded.
The gnoll hits you with a whip.
You die...

.................................
#####...........####.....#####.##
.# #...........# #.....# #.# .#
############# ####### #.# .#
........# #####.## ## ........#
#......# # ........# #......#
##### ........##### #......#
..... .........g@.# #####.##
##### ........###.## #.##
........# #..# #.## ........#
##.## ######.#. ........# #..#
##......#. ....g...#
##.####..####.#. ........#
#.##......##..# ## ........#
#.#####..###..# .# ........#
#.##......##..#


You could see a gnoll.

Vanquished Creatures
  A dart slug (D:1)
  2 bats (D:1)
  7 goblins (D:1)
  A hobgoblin (D:1)
  8 jackals (D:1)
  A kobold (D:1)
  A ball python (D:1)
  3 frilled lizards (D:1)
  A rat (D:1)
25 creatures vanquished.

Notes
Turn   | Place    | Note
-------+----------+-------------------------------------------
     0 | Abyss:1  | Blackhawk the Formicid Abyssal Knight began the quest for the Orb.
     0 | Abyss:1  | Reached XP level 1. HP: 18/18 MP: 2/2
    41 | Abyss:1  | Noticed an ancient zyme
    68 | Abyss:1  | Noticed a quasit
    71 | D:1      | Escaped the Abyss
   133 | D:1      | Reached skill level 1 in Dodging
   138 | D:1      | Reached * piety under Lugonu
   138 | D:1      | Reached XP level 2. HP: 10/24 MP: 3/3
   959 | D:1      | Reached XP level 3. HP: 25/29 MP: 4/4
  1263 | D:1      | HP: 1/29 [gnoll/whip (4)]
  1264 | D:1      | Slain by a gnoll

Skill      XL: |  1 |
---------------+----+-----
Dodging        | 1 |  1.4
Fighting       | |  3.5
Maces & Flails | |  2.3
Armour         | |  2.6
Invocations    | |  2.7

Action                   || total
-------------------------++-------
Melee: Mace              ||    78
Invok: Depart the Abyss  ||     1
  Eat: Chunk             ||     1
Armor: Leather armour    ||    20
Dodge: Dodged            ||    54
